 Dungeon Crawl Stone Soup version 0.25-a0-42-g6c54e25894 (webtiles) character file.

Game seed: 6604095661114439637, levelgen mode: deterministic

41 Gumption the Grave Robber (level 3, -4/24 HPs)
             Began as a Human Necromancer on Oct 22, 2019.
             Killed by divine providence
             ... invoked by an orc priest
              (13 damage)
             ... on level 2 of the Dungeon.
             The game lasted 00:17:53 (1905 turns).

Gumption the Grave Robber (Human Necromancer)       Turns: 1905, Time: 00:17:53

Health: -4/24      AC:  3    Str:  8    XL:     3   Next: 75%
Magic:  6/6        EV: 12    Int: 16    God:
Gold:   44         SH:  0    Dex: 13    Spells: 2/7 levels left

rFire    . . .     SeeInvis .   a - +1 dagger (venom)
rCold    . . .     Gourm    .   (no shield)
rNeg     . . .     Faith    .   d - +0 leather armour
rPois    .         Spirit   .   (no helmet)
rElec    .         Reflect  .   (no cloak)
rCorr    .         Harm     .   (no gloves)
MR       .....                  (no boots)
Stlth    ++........             (no amulet)
HPRegen  0.08/turn              (no ring)
MPRegen  0.10/turn              (no ring)

@: no status effects
A: no striking features
a: no special abilities


You were on level 2 of the Dungeon.
You were not hungry.

You visited 1 branch of the dungeon, and saw 2 of its levels.

You collected 44 gold pieces.

Inventory:

Hand Weapons
 a - a +1 dagger of venom (weapon)
Missiles
 c - 16 stones (quivered)
Armour
 d - a +0 leather armour (worn)
 m - a +0 buckler
Jewellery
 f - an uncursed ring of magical power {unknown}
Scrolls
 b - 2 scrolls of remove curse {unknown}
 h - a scroll of teleportation {unknown}
 i - a scroll of identify {unknown}
 n - a scroll of enchant armour {unknown}
Potions
 g - a potion of flight {unknown}
 k - a potion of mutation {unknown}
 l - a potion of lignification {unknown}
Comestibles
 e - 3 rations
 j - 4 chunks of flesh


   Skills:
 - Level 2.0 Dodging
 - Level 2.0 Stealth
 + Level 2.5 Spellcasting
 * Level 4.8 Necromancy


You had 2 spell levels left.
You knew the following spells:

 Your Spells              Type           Power        Failure   Level  Hunger
a - Pain                  Necr           ###.         3%          1    #......
b - Animate Skeleton      Necr           N/A          3%          1    #......
c - Vampiric Draining     Necr           ###.......   12%         3    ###....

Your spell library contained the following spells:

 Spells                   Type           Power        Failure   Level  Hunger
 Regeneration             Chrm/Necr      #.........   32%         3    ###....
 Animate Dead             Necr           N/A          36%         4    #####..


Dungeon Overview and Level Annotations

Branches:
Dungeon (2/15)

Altars:


Message History

The orc wizard shouts!
You hear a shout! x3; You hear an angry hiss.
A frilled lizard comes into view.
An orc priest comes into view. It is wielding a -2 club.
An orc wizard comes into view. It is wielding a +0 dagger.
The orc priest shouts! 2 orcs come into view.
The orc shouts! x2
The frilled lizard bites you but does no damage.
Found a scroll labeled SUOM IN QEXOANEMU.
You hit the frilled lizard.
You kill the frilled lizard!
The orc wizard gestures at you while chanting.
You resist with significant effort.
The orc priest invokes the aid of Beogh against you.
Pain shoots through your body!
Ouch! That really hurt!
The orc priest mumbles some strange prayers to Beogh against you.
Beogh smites you!
Ouch! That really hurt!
You die...

.. #?# ..
#.#########
.........#
#........#
#######..o.....#
.......@oooo..#
########.####.#
#Z# #.## #..#
##.## #..# ##.##
#..#


You could see an orc priest, 2 orc wizards, 2 orcs and a friendly hobgoblin
skeleton.

Vanquished Creatures
  An adder (D:2)
  A giant cockroach (D:2)
  A goblin (D:2)
  9 hobgoblins
  5 kobolds
  A quokka (D:1)
  4 bats
  A frilled lizard (D:2)
  6 rats
29 creatures vanquished.

Vanquished Creatures (collateral kills)
  A worm (D:2)
1 creature vanquished.

Grand Total: 30 creatures vanquished

Notes
Turn   | Place    | Note
-------+----------+-------------------------------------------
     0 | D:1      | Gumption the Human Necromancer began the quest for the Orb.
     0 | D:1      | Reached XP level 1. HP: 13/13 MP: 3/3
     3 | D:1      | Learned a level 1 spell: Animate Skeleton
   599 | D:1      | Reached XP level 2. HP: 19/19 MP: 3/5
  1392 | D:2      | Reached XP level 3. HP: 24/24 MP: 4/6
  1397 | D:2      | Learned a level 3 spell: Vampiric Draining
  1905 | D:2      | Killed from afar by an orc priest

Levels and vault maps discovered:
D:1:      dpeg_arrival_concentric_ovals, layout_basic
D:2:      layout_basic, first_ration, hex_medium, st_stairs_11

Action                   || total
-------------------------++-------
Melee: Dagger            ||     9
Throw: Stone             ||    10
 Cast: Pain              ||    47
       Animate Skeleton  ||    12
  Eat: Chunk             ||     4
Armor: Robe              ||     1
       Leather armour    ||     8
Dodge: Dodged            ||    17

Table legend:
 A = Non-vault XP
 B = Vault XP
 C = Vault XP percentage of total XP
 D = Non-vault monster count
 E = Vault monster count
 F = Vault count percentage of total count
                 A         B        C        D         E       F
            +---------+---------+-------+---------+---------+-------
      Total |      53 |       6 |  10.2 |      27 |       3 |  10.0
            +---------+---------+-------+---------+---------+-------
        D:1 |      19 |       0 |   0.0 |      14 |       0 |   0.0
        D:2 |      34 |       6 |  15.0 |      13 |       3 |  18.8
            +---------+---------+-------+---------+---------+-------
